 Dungeon Crawl Stone Soup version 0.20.1-1-g8b1a95d (webtiles) character file.

77 robba the Skirmisher (level 4, -3/36 HPs)
             Began as a Human Fighter on Aug 22, 2017.
             Slain by a gnoll
             ... wielding a +1 spear of venom
              (7 damage)
             ... on level 3 of the Dungeon.
             The game lasted 00:10:49 (1793 turns).

robba the Skirmisher (Human Fighter)                Turns: 1793, Time: 00:10:53

Health: -3/36      AC:  6    Str: 16    XL:     4   Next: 58%
Magic:  13/13      EV:  7    Int:  9    God:
Gold:   77         SH:  9    Dex: 13    Spells: 3/3 levels left

rFire    . . .     SeeInvis .   a - +0 long sword
rCold    . . .     Gourm    .   c - +0 shield
rNeg     . . .     Faith    .   b - +0 scale mail
rPois    .         Spirit   .   (no helmet)
rElec    .         Reflect  .   (no cloak)
rCorr    .         Harm     .   (no gloves)
MR       .....                  (no boots)
Stlth    ..........             (no amulet)
Regen    0.2/turn               i - ring of magical power
MPRegen  0.2/turn               (no ring)

@: lethally poisoned (-3 -> -14), flying
A: no striking features
a: no special abilities


You were on level 3 of the Dungeon.
You were not hungry.

You visited 1 branch of the dungeon, and saw 3 of its levels.

You collected 77 gold pieces.

Inventory:

Hand Weapons
 a - a +0 long sword (weapon)
Missiles
 g - 80 stones (quivered)
Armour
 b - a +0 scale mail (worn)
 c - a +0 shield (worn)
Jewellery
 i - a ring of magical power (left hand)
 k - a +4 ring of strength {unknown}
Scrolls
 h - a scroll of enchant weapon {unknown}
 o - 2 scrolls of amnesia {unknown}
 q - a scroll of identify {unknown}
Potions
 d - 3 potions of curing {unknown}
 e - a potion of resistance {unknown}
 j - a potion of flight
 l - a potion of mutation {unknown}
 m - 2 potions of brilliance {unknown}
 p - a potion of haste {unknown}
Comestibles
 f - 2 bread rations


   Skills:
 + Level 3.6 Fighting
 + Level 2.8 Long Blades
 + Level 0.4 Throwing
 + Level 3.3 Armour
 + Level 0.8 Dodging
 + Level 3.4 Shields


You had 3 spell levels left.
You didn't know any spells.

Dungeon Overview and Level Annotations

Branches:
Dungeon (3/15)

Altars:


Message History

You feel sick. The gnoll barely misses you.
You riposte.
You hit the gnoll.
The gnoll is lightly wounded.
Your scale mail prevents you from hitting the gnoll.
The gnoll is lightly wounded.
You block the gnoll's attack. The gnoll hits you with a flail.
You block the gnoll's attack.
You hit the gnoll.
The gnoll is lightly wounded.
You feel sick. The gnoll hits you with a flail!
* * * LOW HITPOINT WARNING * * *
The gnoll hits you from afar with a spear of venom.
* * * LOW HITPOINT WARNING * * *
You are lethally poisoned!
It was a potion of flight.
You feel very buoyant.
You fly up into the air.
* * * LOW HITPOINT WARNING * * *
You feel sick.
The gnoll hits you from afar with a spear of venom!
You die... #...# #...###### #........# ######...####.# #.............#### .... .................# ..... #.............##.# g..(. ######.)......##.# ...g.. ##.....######@# hg....

##.......## #g####g....
#.........# #g#....#
#.........# ##g..h..#
##.........# #.......#
#.........####.##.#.......
##........##.....#.#.[#...?
..........##.....#.<.>..##.
#...............>###.....


You could see 3 gnolls.

Vanquished Creatures
  2 adders (D:2)
  A gnoll (D:3)
  A worm (D:2)
  A dart slug (D:1)
  A leopard gecko (D:1)
  An orc (D:3)
  6 goblins
  5 hobgoblins
  6 jackals
  A ball python (D:1)
  5 bats
  3 frilled lizards (D:1)
  3 kobolds (D:1)
  5 rats
41 creatures vanquished.

Notes
Turn   | Place    | Note
-------+----------+-------------------------------------------
     0 | D:1      | robba the Human Fighter began the quest for the Orb.
     0 | D:1      | Reached XP level 1. HP: 18/18 MP: 1/1
   122 | D:1      | Reached XP level 2. HP: 7/24 MP: 2/2
   570 | D:1      | Reached XP level 3. HP: 29/29 MP: 3/3
  1436 | D:2      | Reached XP level 4. HP: 35/35 MP: 4/4
  1564 | D:2      | You fall through a shaft!
  1793 | D:3      | Slain by a gnoll

Action                   |  1- 3 |  4- 6 || total
-------------------------+-------+-------++-------
Melee: Long sword        |    75 |    28 ||   103
Throw: Stone             |    32 |       ||    32
       Throwing net      |     1 |     1 ||     2
  Use: Potion            |     1 |     1 ||     2
  Eat: Bread ration      |     1 |       ||     1
Armor: Scale mail        |    44 |    12 ||    56
Dodge: Dodged            |    17 |    10 ||    27
Block: Shield            |    46 |    17 ||    63
       Rpst.: Long sword |     7 |     5 ||    12
